 Dungeon Crawl Stone Soup version 0.22-a0-412-g2b68d144a4 (webtiles) character file.

2100 Kriby the Grappler (level 9, -5/89 HPs)
             Began as a Troll Monk on May 12, 2018.
             Slain by a wyvern (18 damage)
             ... on level 8 of the Dungeon.
             The game lasted 00:03:55 (5736 turns).

Kriby the Grappler (Troll Monk)                     Turns: 5736, Time: 00:03:56

Health: -5/89      AC:  5    Str: 24    XL:     9   Next: 7%
Magic:  0/8        EV: 10    Int:  6    God:
Gold:   373        SH:  0    Dex: 12    Spells: 8/8 levels left

rFire    . . .     SeeInvis .     - Unarmed
rCold    . . .     Gourm    +   (no shield)
rNeg     . . .     Faith    .   a - +0 robe
rPois    .         Spirit   +   (helmet restricted)
rElec    .         Reflect  .   (no cloak)
rCorr    .         Harm     .   (gloves unavailable)
MR       .....                  (boots unavailable)
Stlth    +.........             j - amulet of guardian spirit
HPRegen  0.64/turn              (no ring)
MPRegen  0.11/turn              (no ring)

@: no status effects
A: large, unfitting armour, claws 3, hooves 1, blink, fast metabolism 3,
gourmand, regeneration 1, shaggy fur 1, tough skin 2
a: Blink


You were on level 8 of the Dungeon.
You were completely stuffed.

You visited 1 branch of the dungeon, and saw 8 of its levels.

You collected 373 gold pieces.

Inventory:

Armour
 a - a +0 robe (worn)
Jewellery
 j - an amulet of guardian spirit (around neck)
 s - a cursed -6 ring of evasion {unknown}
 v - an uncursed ring of magical power {unknown}
Wands
 f - a wand of disintegration (7)
 q - a wand of random effects (28)
 u - a wand of acid (12)
Scrolls
 d - 2 scrolls of fear {unknown}
 g - a scroll of noise {unknown}
 i - 5 scrolls of remove curse {unknown}
 k - 8 scrolls of identify {unknown}
 l - 4 scrolls of amnesia {unknown}
 n - a scroll of magic mapping {unknown}
 p - 2 scrolls of immolation {unknown}
 t - a scroll of enchant armour {unknown}
 w - 3 scrolls of teleportation {unknown}
 y - 2 scrolls of blinking {unknown}
Potions
 c - 3 potions of curing
 e - 2 potions of heal wounds
 h - a potion of lignification
 m - a potion of flight {unknown}
 o - a potion of degeneration {unknown}
 r - a potion of cancellation {unknown}
 x - a potion of ambrosia {unknown}
 z - 2 potions of brilliance {unknown}
Comestibles
 b - 12 rations
 A - 5 chunks of flesh


   Skills:
 + Level 6.2 Fighting
 - Level 2.4 Dodging
 - Level 1.0 Stealth
 * Level 10.2 Unarmed Combat


You had 8 spell levels left.
You didn't know any spells.
Your spell library contained the following spells:

 Spells                   Type           Power        Failure   Level  Hunger
 Confuse                  Hex            #.......     83%         3    ####...
 Tukima's Dance           Hex            #.......     83%         3    ####...
 Ensorcelled Hibernation  Hex/Ice        #.....       58%         2    ###....
 Corona                   Hex            #......      45%         1    ##.....
 Dazzling Spray           Conj/Hex       #.....       83%         3    ####...


Dungeon Overview and Level Annotations

Branches:
Dungeon (8/15)
 Temple: D:4-7         Lair: D:8-11

Altars:
Ashenzari
Fedhas
Hepliaklqana
Nemelex Xobeh
Okawaru
Qazlal
Ru
Wu Jian
Xom


Innate Abilities, Weirdness & Mutations

You are too large for most types of armour.
You have claws for hands.
Your metabolism is lightning-fast.
You like to eat raw meat.
Your natural rate of healing is unusually fast.
You are covered in fur. (AC +1)
You have very tough skin. (AC +2)
You have large cloven feet.
You can translocate small distances at will.


Message History

A killer bee zombie comes into view.
The wyvern bites you.
* * * LOW HITPOINT WARNING * * *
The wyvern closely misses you.
Okay, then.
The wyvern bites you!
* * * LOW HITPOINT WARNING * * *
A killer bee comes into view.
The wyvern bites you.
* * * LOW HITPOINT WARNING * * *
The killer bee buzzes angrily.
You hear an angry buzzing noise. x2
A killer bee comes into view.
The orc priest looks encouraged for a moment.
The wyvern completely misses you.
A killer bee comes into view.
The killer bee stings you but does no damage.
The killer bee zombie hits you but does no damage.
There is a stone staircase leading up here.
The wyvern bites you!!
You die...

##.......##
..........#
#........#####
#.....#.....#
#...#.#.##.#
##.###.#.#
########.## ##..#
#.).....#.###.#.#
#..@l..)##.#..#.####
#..yZ.o.###.....##..
#.......oo..O.......
#.......#####.####..
#..y....# #.# ###
#......... ...
####y####.###.#. #y#
.# ..#.# ... # .## #


You could see an orc warrior, a wyvern, 4 killer bees, an orc priest, an orc and
a killer bee zombie.

Vanquished Creatures
  2 orc warriors
  3 ogres
  A phantom (D:5)
  A centaur (D:7)
  4 bullfrogs
  A scorpion (D:5)
  10 wights (D:7)
  2 crimson imps
  A bullfrog zombie (D:7)
  2 hounds (D:5)
  A jelly (D:6)
  4 orc priests
  5 orc wizards
  4 worker ants
  A killer bee zombie (D:6)
  5 adders
  4 gnolls (D:7)
  An ooze (D:1)
  2 worms
  6 leopard geckos
  22 orcs
  3 giant cockroaches
  7 goblins
  6 hobgoblins
  2 jackals (D:3)
  4 quokkas
  2 bats (D:1)
  3 frilled lizards
  7 kobolds
  2 leopard gecko zombies (D:6)
  A quokka zombie (D:3)
  6 rats (D:1)
125 creatures vanquished.

Notes
Turn   | Place    | Note
-------+----------+-------------------------------------------
     0 | D:1      | Kriby the Troll Monk began the quest for the Orb.
     0 | D:1      | Reached XP level 1. HP: 22/22 MP: 0/0
   117 | D:1      | Reached XP level 2. HP: 29/29 MP: 1/1
   631 | D:1      | Reached XP level 3. HP: 36/36 MP: 2/2
   848 | D:2      | Reached skill level 4 in Unarmed Combat
  1773 | D:3      | Found a shimmering altar of Xom.
  1835 | D:4      | Reached XP level 4. HP: 28/45 MP: 1/3
  1941 | D:3      | Found an ornate altar of the Wu Jian Council.
  2650 | D:4      | Reached skill level 5 in Unarmed Combat
  2650 | D:4      | Reached XP level 5. HP: 53/53 MP: 4/4
  2748 | D:4      | Found a shattered altar of Ashenzari.
  3158 | D:5      | Entered Level 5 of the Dungeon
  3176 | D:5      | Noticed an ogre
  3178 | D:5      | Killed an ogre
  3185 | D:5      | Reached XP level 6. HP: 47/62 MP: 2/5
  3254 | D:5      | Found a hazy altar of Hepliaklqana.
  3274 | D:5      | Reached skill level 6 in Unarmed Combat
  3533 | D:5      | Found an iron altar of Okawaru.
  3533 | D:5      | Found a stormy altar of Qazlal.
  3534 | D:5      | Found a sparkling altar of Nemelex Xobeh.
  3596 | D:5      | Reached XP level 7. HP: 70/70 MP: 6/6
  3717 | D:5      | Reached skill level 7 in Unarmed Combat
  3729 | D:5      | Found a sacrificial altar of Ru.
  4194 | D:6      | Reached skill level 5 in Fighting
  4194 | D:6      | Reached skill level 8 in Unarmed Combat
  4403 | D:6      | Reached XP level 8. HP: 80/80 MP: 7/7
  4805 | D:7      | Reached skill level 9 in Unarmed Combat
  4847 | D:7      | Gained mutation: You are agile. (Dex +2) [potion of mutation]
  4847 | D:7      | Gained mutation: You are partially covered in iridescent scales. (AC +2) [potion of mutation]
  4995 | D:7      | Lost mutation: You are agile. (Dex +2) [potion of mutation]
  4995 | D:7      | Lost mutation: You are partially covered in iridescent scales. (AC +2) [potion of mutation]
  4995 | D:7      | Gained mutation: Your body sometimes deteriorates upon taking damage. [potion of mutation]
  4995 | D:7      | Gained mutation: You possess an exceptional clarity of mind. [potion of mutation]
  4995 | D:7      | Gained mutation: Your spells are a little harder to cast, but a little more powerful. [potion of mutation]
  4995 | D:7      | Gained mutation: You heal very quickly. [potion of mutation]
  4996 | D:7      | Lost mutation: Your spells are a little harder to cast, but a little more powerful. [potion of mutation]
  4996 | D:7      | Lost mutation: You heal very quickly. [potion of mutation]
  4996 | D:7      | Lost mutation: Your body sometimes deteriorates upon taking damage. [potion of mutation]
  4996 | D:7      | Gained mutation: Potions are less effective at restoring your health. [potion of mutation]
  4996 | D:7      | Gained mutation: You are partially covered in iridescent scales. (AC +2) [potion of mutation]
  4997 | D:7      | Lost mutation: You possess an exceptional clarity of mind. [potion of mutation]
  4997 | D:7      | Lost mutation: You are partially covered in iridescent scales. (AC +2) [potion of mutation]
  4997 | D:7      | Gained mutation: Scrolls take you a little longer to read. [potion of mutation]
  4997 | D:7      | Gained mutation: You are partially covered in molten scales. (AC +2) [potion of mutation]
  4998 | D:7      | Lost mutation: Scrolls take you a little longer to read. [potion of mutation]
  4998 | D:7      | Lost mutation: Potions are less effective at restoring your health. [potion of mutation]
  4998 | D:7      | Lost mutation: You are partially covered in molten scales. (AC +2) [potion of mutation]
  4998 | D:7      | Gained mutation: You have large cloven feet. [potion of mutation]
  4998 | D:7      | Gained mutation: You can translocate small distances at will. [potion of mutation]
  5221 | D:7      | Reached skill level 10 in Unarmed Combat
  5266 | D:7      | Reached XP level 9. HP: 79/89 MP: 6/8
  5387 | D:7      | Found a blossoming altar of Fedhas.
  5723 | D:8      | Noticed a two-headed ogre
  5736 | D:8      | Slain by a wyvern

Vault maps used:
D:1:      elethiomel_arrival_fortress_basement, minivault_5
D:2:      hangedman_glass_teeth
D:3:      lemuel_round_altar, xom_teletrap_fun, patterned_corridor
D:4:      ashenzari_conservatory_becter, first_ration
D:5:      lemuel_doored_altar, lemuel_round_altar,
          gammafunk_temple_overflow_claw, nicolae_sextant
D:6:      minmay_temple_entry_poolview
D:7:      fedhas_altar_2
D:8:      cheibriados_altar_1, serial_shops, nicolae_shop_trees, david_nohive_1

Skill      XL: |  1  2  3  4  5  6  7  8 |
---------------+-------------------------+-----
Unarmed Combat | 4 5 6 8 10 | 10.2
Fighting       | 3 4 5 6 |  6.2
Dodging        | |  2.4
Stealth        | |  1.0

Action                   |  1- 3 |  4- 6 |  7- 9 || total
-------------------------+-------+-------+-------++-------
Melee: Unarmed           |    99 |    86 |   160 ||   345
       Punch             |       |     2 |     6 ||     8
       Kick              |       |       |    11 ||    11
  Use: Potion            |       |       |     8 ||     8
 Stab: Sleeping          |     5 |     3 |     2 ||    10
  Eat: Chunk             |    22 |    16 |    20 ||    58
Armor: Robe              |    28 |    18 |    25 ||    71
       Skin              |       |       |     5 ||     5
Dodge: Dodged            |    41 |    36 |    60 ||   137

Table legend:
 A = Spawn XP
 B = Non-spawn XP
 C = Spawn XP percentage of total XP
 D = Spawn monster count
 E = Non-spawn monster count
 F = Spawn count percentage of total count
 G = Total turns spent on level
                    A         B        C        D         E        F      G
               +---------+---------+-------+---------+---------+-------+---------
         Total |       0 |    3000 |   0.0 |       0 |     125 |   0.0 |  5736
               +---------+---------+-------+---------+---------+-------+---------
           D:1 |       0 |      43 |   0.0 |       0 |      24 |   0.0 |   819
           D:2 |       0 |      37 |   0.0 |       0 |       6 |   0.0 |   745
           D:3 |       0 |      84 |   0.0 |       0 |      17 |   0.0 |   659
           D:4 |       0 |      79 |   0.0 |       0 |      10 |   0.0 |   935
           D:5 |       0 |     659 |   0.0 |       0 |      17 |   0.0 |   747
           D:6 |       0 |     524 |   0.0 |       0 |      15 |   0.0 |   688
           D:7 |       0 |    1574 |   0.0 |       0 |      36 |   0.0 |  1101
               +---------+---------+-------+---------+---------+-------+---------
